AoeStats
← golgi

Baltic

510660516Analyzed
4v4 RM · 13h ago on Oct 2, 2026· 62m 0s· 8 players
Game mode
Random Map
Map size
Large (8 player)
Population
200
Speed
Normal
Resources
Standard
Victory
Conquest
Starting age
Dark Age
Ending age
Imperial Age
RankedLock teamsTeams togetherTeam positionsShared explorationLock speedFull tech treeHidden civsTurbo modeCheats
Victory
Defeat
🇨🇳 Shu · China
894
+17
🇨🇳 Franks · China
876
+18
🇪🇸 Mongols · Spain
867
+18
🇨🇳 Persians · China
822
+20
🇨🇳 Khmer · China
971
-20
🇵🇪 Muisca · Peru
968
-20
🇬🇷 Byzantines · Greece
960
-20
🇹🇷 Slavs · Türkiye
780
-13
欢乐小菜鸟
11:37 Feudal Age
12:24 Fishing Lines
14:04 Double-Bit Axe
15:21 Wheelbarrow
17:21 Castle Age
19:24 Loom
20:11 Gillnets
23:47 Fletching
27:09 Hand Cart
26:46 Town Watch
28:50 Gold Mining
28:51 Stone Mining
29:19 Bow Saw
33:29 Imperial Age
32:37 Gold Shaft Mining
32:09 Scale Barding Armor
33:24 Chain Barding Armor
33:14 Forging
33:32 Husbandry
33:32 Cavalier
34:15 Chivalry
34:35 Conscription
34:51 Hoardings
35:56 Plate Barding Armor
35:57 Iron Casting
34:43 Paladin
35:58 Caravan
38:36 Coinage
42:13 Blast Furnace
41:08 Bodkin Arrow
45:39 Town Patrol
45:41 Scale Mail Armor
45:41 Padded Archer Armor
47:26 Treadmill Crane
47:51 Siege Engineers
47:42 Murder Holes
48:08 Ballistics
48:48 Chemistry
47:59 Fortified Wall
47:59 Masonry
47:36 Arrowslits
47:41 Guard Tower
49:12 Capped Ram
52:41 Banking
55:15 Hoardings
61:42 Chain Mail Armor
61:42 Leather Archer Armor
62:20 Banking
SGTSanju
11:16 Feudal Age
16:04 Castle Age
14:22 Double-Bit Axe
15:46 Horse Collar
16:59 Heavy Plow
20:29 Bow Saw
23:20 Stone Mining
28:03 Stone Shaft Mining
30:47 Gold Mining
31:32 Fletching
31:43 Padded Archer Armor
35:04 Imperial Age
33:10 Wheelbarrow
35:14 Caravan
37:31 Elite Mangudai
42:32 Chemistry
41:52 Ballistics
46:54 Bodkin Arrow
47:14 Leather Archer Armor
50:27 Onager
52:02 Siege Onager
我的队友很厉害
0:30 Loom
12:10 Feudal Age
15:31 Fletching
17:21 Padded Archer Armor
30:20 Scale Mail Armor
31:52 Forging
35:48 Castle Age
36:32 Fishing Lines
37:58 Bodkin Arrow
39:35 Crossbowman
40:22 Thumb Ring
40:13 Horse Collar
40:41 Caravan
43:11 Coiled Serpent Array
43:04 Double-Bit Axe
44:01 Gold Mining
44:11 Stone Mining
46:52 Ballistics
48:46 Clinker Construction
52:14 Gold Shaft Mining
54:20 Husbandry
55:54 Careening
59:33 Imperial Age
59:53 Heavy Plow
61:03 Shipwright
60:58 Bracer
62:03 Medium Warships
62:15 Bolt Magazine
星河船泊
4:01 Loom
11:07 Feudal Age
11:32 Double-Bit Axe
11:30 Horse Collar
21:42 Castle Age
21:10 Stone Mining
21:12 Gold Mining
23:55 Bow Saw
23:58 Husbandry
23:56 Fletching
24:18 Forging
24:14 Scale Barding Armor
26:18 Heavy Plow
26:50 Bodkin Arrow
29:34 Thumb Ring
28:51 Crossbowman
29:42 Thumb Ring
30:21 Stone Shaft Mining
30:26 Gold Shaft Mining
30:56 Wheelbarrow
30:58 Fervor
30:49 Devotion
35:29 Imperial Age
34:03 Kamandaran
34:47 Town Watch
37:04 Two-Man Saw
36:32 Bloodlines
35:43 Light Cavalry
36:50 Masonry
37:37 Conscription
38:54 Iron Casting
38:39 Chain Barding Armor
38:20 Padded Archer Armor
38:46 Ballistics
39:35 Hand Cart
40:45 Blast Furnace
40:25 Crop Rotation
41:17 Caravan
41:15 Elite War Elephant
42:30 Citadels
43:02 Architecture
42:31 Murder Holes
44:25 Plate Barding Armor
44:26 Parthian Tactics
48:17 Leather Archer Armor
48:43 Hoardings
48:57 Hoardings
55:35 Ring Archer Armor
55:47 Town Patrol
56:53 Chemistry
55:21 Elite Skirmisher
golgi
1:25 Loom
12:18 Feudal Age
18:19 Fletching
18:29 Padded Archer Armor
23:38 Scale Barding Armor
23:44 Forging
Mr Seymour Guado
4:40 Loom
13:31 Feudal Age
14:48 Wheelbarrow
14:00 Double-Bit Axe
13:59 Horse Collar
19:28 Castle Age
20:50 Husbandry
20:17 Light Cavalry
22:07 Heavy Plow
26:17 Scale Barding Armor
26:25 Forging
30:07 Iron Casting
30:28 Chain Barding Armor
31:13 Hand Cart
34:07 Treadmill Crane
34:27 Murder Holes
38:10 Imperial Age
40:11 Plate Barding Armor
42:31 Chemistry
42:37 Bow Saw
43:06 Crop Rotation
42:44 Scale Mail Armor
43:55 Logistica
44:09 Conscription
43:10 Elite Cataphract
47:15 Thumb Ring
48:08 Fletching
48:19 Padded Archer Armor
0204isaias
3:15 Loom
12:30 Feudal Age
13:27 Double-Bit Axe
17:30 Castle Age
16:17 Horse Collar
16:44 Fletching
19:30 Bow Saw
32:47 Imperial Age
30:55 Wheelbarrow
30:08 Town Watch
30:50 Town Patrol
31:28 Bodkin Arrow
32:05 Stone Mining
32:07 Gold Mining
34:46 Squires
34:10 Pikeman
34:56 Heavy Plow
37:20 Hand Cart
38:17 Two-Man Saw
37:50 Crop Rotation
38:09 Conscription
38:49 Elite Temple Guard
41:00 Ballistics
41:44 Chemistry
40:56 Masonry
40:26 Treadmill Crane
41:04 Forging
40:54 Scale Mail Armor
40:55 Bracer
40:56 Padded Archer Armor
41:53 Champi Runner
42:41 Champi Warrior
44:35 Iron Casting
44:16 Leather Archer Armor
44:17 Chain Mail Armor
43:25 Elite Skirmisher
44:14 Thumb Ring
43:35 Crossbowman
44:58 Murder Holes
45:10 Siege Engineers
45:47 Elite Guecha Warrior
46:30 Herbalism
46:52 Huaracas
47:06 Elite Champi Warrior
49:42 Plate Mail Armor
49:57 Arbalester
電動遊戯
12:35 Feudal Age
13:33 Loom
17:08 Wheelbarrow
19:49 Castle Age
17:57 Double-Bit Axe
18:35 Horse Collar
18:46 Gold Mining
18:48 Stone Mining
19:04 Fishing Lines
22:02 Fervor
23:46 Gillnets
25:08 Bow Saw
25:25 Ballistics
25:20 Clinker Construction
25:47 Fletching
26:12 Careening
29:36 Imperial Age
27:24 Town Watch
29:38 Gold Shaft Mining
30:24 Hand Cart
31:41 Chemistry
31:20 Bodkin Arrow
32:25 Siege Engineers
31:44 Elite Cannon Galleon
33:14 Bracer
34:35 Scale Barding Armor
36:14 Town Patrol
37:45 Carvel Hull
37:46 Dry Dock
38:21 Forging
38:11 Scale Mail Armor
38:32 Chain Barding Armor
39:44 Stone Shaft Mining
41:35 Fortified Wall
41:20 Murder Holes
41:36 Masonry
42:03 Iron Casting
41:43 Chain Mail Armor
42:03 Plate Barding Armor
42:48 Pikeman
43:14 Arson
44:40 Conscription
44:51 Double Crossbow
44:11 Elite Ballista Elephant
44:29 Halberdier
47:26 Heavy Plow
48:58 Crop Rotation
49:48 Blast Furnace
Connection lost

Rejoining the realm…

Still unreachable

The connection could not be restored.

Session expired

The server has moved on; the page needs a fresh start.